 Dungeon Crawl Stone Soup version 0.30-a0-1074-g5db6f66fbb (webtiles) character file.

Game seed: 1312800188191210259

180 PimpSugar the Magician (level 5, -17/38 HPs)
             Began as a Djinni Hedge Wizard on Apr 13, 2023.
             Demolished by Menkaure (18 damage)
             ... on level 4 of the Dungeon.
             The game lasted 00:15:59 (2375 turns).

PimpSugar the Magician (Djinni Hedge Wizard)        Turns: 2375, Time: 00:16:00

Health: -17/38     AC:  9    Str:  9    XL:     5   Next: 91%
Gold:   126        EV: 13    Int: 17    God:
                   SH:  0    Dex: 19

rFire   + + .      SeeInvis .    m - +2 quarterstaff (chaos)
rCold   x . .      Faith    .    (shield currently unavailable)
rNeg    . . .      Spirit   .    b - +0 robe
rPois   ∞          Reflect  .    c - +0 hat
rElec   .          Rampage  .    p - +0 cloak
rCorr   .                        r - +1 pair of gloves
Will    .....                    (boots unavailable)
Stlth   ++                       (no amulet)
HPRegen 0.26/turn                d - +6 ring of dexterity
MPRegen 0.00/turn                i - +4 ring of protection

@: mighty, flying
A: sickness immunity, fire resistance 2, cold vulnerability 1, float, innate
caster, HP casting, extra vitality 1
a: no special abilities


You were on level 4 of the Dungeon.
You visited 1 branch of the dungeon, and saw 4 of its levels.

You collected 182 gold pieces.
You spent 56 gold pieces at shops.

Inventory:

Hand Weapons
 a - a +0 dagger
 e - a +2 falchion of holy wrath
 m - a +2 quarterstaff of chaos (weapon)
 q - a +1 hammer of venom
 s - a +1 short sword of flaming
 u - a +0 short sword of draining
Missiles
 f - 44 stones
 y - a throwing net
Armour
 b - a +0 robe (worn)
 c - a +0 hat (worn)
 p - a +0 cloak (worn)
 r - a +1 pair of gloves (worn)
Magical Staves
 j - a staff of death
 x - a staff of cold
Jewellery
 d - a +6 ring of dexterity (left hand)
 i - a +4 ring of protection (right hand)
 t - a ring of magical power
Wands
 n - a wand of flame (16)
Scrolls
 l - a scroll of butterflies
Potions
 g - 2 potions of haste
 h - 2 potions of magic
 k - 2 potions of degeneration
 v - a potion of might
 z - a potion of flight {unknown}


   Skills:
 + Level 1.8 Fighting
 + Level 3.1 Dodging
 + Level 2.5 Stealth
 * Level 3.4 Spellcasting
 + Level 1.4 Invocations


You knew the following spells:

 Your Spells              Type           Power      Damage    Failure   Level
a - Magic Dart            Conj           56%        1d5       4%          1
b - Call Imp              Summ           28%        N/A       6%          2
c - Mephitic Cloud        Conj/Pois/Air  14%        N/A       12%         3
d - Slow                  Hex            56%        N/A       4%          1
e - Blink                 Tloc           28%        N/A       6%          2
f - Shock                 Conj/Air       56%        1d6       4%          1
g - Ensorcelled Hibernat  Hex/Ice        28%        N/A       6%          2
Your spell library was empty.

Dungeon Overview and Level Annotations

Branches:
Dungeon (4/15)
 Temple: D:4-7

Altars:
Uskayaw

Shops:
D:3 ?

Annotations:
D:4 Menkaure


Innate Abilities, Weirdness & Mutations

You are immune to sickness and miasma.
You are immune to poison.
Your flesh is very heat resistant. (rF++)
You are vulnerable to cold. (rC-)
You float through the air rather than walking.
You learn spells naturally, not from books.
Your magical power is your life essence.
You have superior vitality. (+4 MHP)


Message History

You feel better. The phantom hits you.
The phantom blinks!
You blink.
Menkaure closely misses you.
Your cerulean imp hits the quokka with a -3 spear.
The quokka dies!
You feel very mighty all of a sudden.
The phantom hits you but does no damage.
Menkaure closely misses you.
You barely miss Menkaure.
Menkaure is moderately damaged.
The phantom hits you but does no damage.
Menkaure hits you.
Your cerulean imp closely misses the phantom.
The phantom barely misses you.
Menkaure shouts, "The curse of the Pharaohs be upon you!"
Menkaure barely misses you.
You hit Menkaure.
Menkaure is heavily damaged.
Your cerulean imp misses the phantom.
Menkaure barely misses you. The phantom completely misses you.
Your cerulean imp misses the phantom.
You hit Menkaure.
Menkaure is severely damaged.
Menkaure hits you but does no damage. The phantom closely misses you.
Your cerulean imp barely misses the phantom.
Menkaure hits you!!
Ouch! That really hurt!
* * * LOW HITPOINT WARNING * * *
Aiming: Throw Flame
Press: ? - help, Shift-Dir - straight line, f - Menkaure, p - phantom
Aim: Menkaure (severely damaged, fast, 85% to hit)
Okay, then.
Hit: m) +2 quarterstaff (chaos)
Press: ? - help, Dir - move target, p - phantom
Okay, then.
Okay, then.
As you read the scroll labelled FATTUPR GEARCHI, it crumbles to dust.
The scroll dissolves into smoke.
It was a scroll of fog.
The phantom barely misses you. Menkaure misses you.
Your cerulean imp barely misses the phantom.
Menkaure attacks as you move away! Menkaure hits you!!
You die...

..# ######### ... .. .#..
####........ #.## .##.#..
..##........ #.. .......
...#........ ... .....r.
>..........< #§# W......
....##..#### #§# .......
.......#########@#####.......
....#####.....§WM5§..........
..........############.......
...######## ....... ..##
....... ## #####.. .


You could see a phantom (ally target), Menkaure (fast) and a friendly cerulean
imp (summoned).

Vanquished Creatures
  Crazy Yiuf (D:3)
  Jessica (D:2)
  An orc wizard (D:3)
  5 adders
  A dart slug (D:2)
  2 orcs (D:3)
  2 bats
  7 endoplasms
  A giant cockroach (D:1)
  A goblin (D:2)
  7 hobgoblins
  2 jackals (D:2)
  4 kobolds
  2 quokkas (D:1)
  3 ball pythons
  3 frilled lizards
  9 rats
52 creatures vanquished.

Vanquished Creatures (collateral kills)
  A dart slug (D:1)
  A quokka (D:4)
2 creatures vanquished.

Grand Total: 54 creatures vanquished

Notes
Turn   | Place    | Note
-------+----------+-------------------------------------------
     0 | D:1      | PimpSugar the Djinni Hedge Wizard began the quest for the
                  | Orb.
     0 | D:1      | PimpSugar set off with the following spells memorised:
                  | Magic Dart, Slow, Blink, Call Imp, Mephitic Cloud.
     0 | D:1      | Reached XP level 1. HP: 15/15 MP: 0/0
   250 | D:1      | Reached XP level 2. HP: 21/22 MP: 0/0
   613 | D:1      | Noticed a great orb of eyes
   614 | D:1      | Found a faded altar of an unknown god.
   620 | D:1      | Noticed a shining eye
   620 | D:1      | Noticed a golden eye
   620 | D:1      | Noticed a great orb of eyes
   626 | D:1      | Prayed at the altar of an unknown god.
   626 | D:1      | Became a worshipper of Uskayaw the Reveller
   626 | D:1      | Reached * piety under Uskayaw
   627 | D:1      | Fell from the grace of Uskayaw
   639 | D:1      | Reached XP level 3. HP: 21/26 MP: 0/0
   639 | D:1      | Learned a level 1 spell: Shock
   836 | D:2      | Reached skill level 1 in Fighting
  1012 | D:2      | Reached XP level 4. HP: 29/32 MP: 0/0
  1089 | D:2      | Noticed Jessica
  1101 | D:2      | Killed Jessica
  1238 | D:2      | Reached skill level 1 in Invocations
  1435 | D:3      | Reached XP level 5. HP: 32/37 MP: 0/0
  1435 | D:3      | Learned a level 2 spell: Ensorcelled Hibernation
  1540 | D:3      | Found a runed translucent door.
  1541 | D:3      | Noticed Crazy Yiuf
  1550 | D:3      | Killed Crazy Yiuf
  1816 | D:3      | Found Juadum's Magic Scroll Boutique.
  1823 | D:3      | Bought a scroll of identify for 28 gold pieces
  1823 | D:3      | Bought a scroll of identify for 28 gold pieces
  2354 | D:4      | Noticed Menkaure
  2356 | D:4      | Noticed a phantom
  2373 | D:4      | HP: 1/38 [Menkaure (20)]
  2375 | D:4      | Demolished by Menkaure

Illustrated notes

Levels and vault maps discovered:
D:1:      dpeg_arrival_oval, layout_basic,
          hellmonk_ecumenical_altar_watching_god
D:2:      layout_rooms, uniq_jessica
D:3:      layout_basic, serial_shops, nicolae_shop_crystal,
          mrwooster_statue_mirror, uniq_crazy_yiuf_cottage
D:4:      layout_rooms, kennysheep_generic_room_12, uniq_menkaure

Skill      XL: |  1  2  3  4  5 |
---------------+----------------+-----
Fighting       | 1 |  1.8
Stealth        | 2 |  2.5
Spellcasting   | 3 |  3.4
Invocations    | 1 |  1.4
Dodging        | 3 |  3.1

Action                     |  1- 3 |  4- 6 || total
---------------------------+-------+-------++-------
  Melee: Falchion          |    33 |    10 ||    43
         Quarterstaff      |       |    18 ||    18
   Cast: Magic Dart        |    10 |     6 ||    16
         Call Imp          |     1 |     3 ||     4
         Shock             |    23 |    32 ||    55
         Slow              |       |    10 ||    10
         Mephitic Cloud    |       |     1 ||     1
 Invoke: Renounce Religion |     1 |       ||     1
  Evoke: Wand              |       |     2 ||     2
    Use: Potion            |       |     4 ||     4
         Scroll            |       |     8 ||     8
   Stab: Sleeping          |     2 |       ||     2
 Armour: Robe              |     7 |    13 ||    20
  Dodge: Dodged            |    26 |    30 ||    56

Table legend: (Time is in decaauts)
 A = Elapsed time spent in this place.
 B = Non-inter-level travel time spent in this place.
 C = Inter-level travel time spent in this place.
 D = Time resting spent in this place.
 E = Time spent auto-exploring this place.
 F = Levels seen in this place.
 G = Mean time per level.
                   A        B        C        D        E       F      G
               +--------+--------+--------+--------+--------+-----+--------+
         Total |   2368 |   2237 |    131 |     50 |   1507 |   4 |  592.0 |
       Dungeon |   2368 |   2237 |    131 |     50 |   1507 |   4 |  592.0 |
               +--------+--------+--------+--------+--------+-----+--------+

Top non-repeatable levels by time:
     D:3: 834 daAuts
     D:1: 824 daAuts
     D:2: 583 daAuts
     D:4: 126 daAuts
